 Dungeon Crawl Stone Soup version 0.20-a0-1006-ge6c5631 (webtiles) character file.

4712 Deemzul the Fighter (level 10, -6/91 HPs)
             Began as a Formicid Fighter on Apr 14, 2017.
             Was an Elder of Okawaru.
             Mangled by a killer bee (7 damage)
             ... on level 8 of the Dungeon.
             The game lasted 00:10:18 (7501 turns).

Deemzul the Fighter (Formicid Fighter)              Turns: 7501, Time: 00:10:19

Health: -6/91      AC:  7    Str: 21 (23) XL:     10   Next: 73%
Magic:  13/13      EV: 12    Int:  7 (8)  God:    Okawaru [****..]
Gold:   151        SH: 17    Dex:  8 (11) Spells: 9/9 levels left

rFire    . . .     SeeInvis +   h - +0 broad axe
rCold    + + .     Gourm    .   c - +0 shield
rNeg     . . .     Faith    .   b - +0 scale mail
rPois    .         Spirit   .   (helmet unavailable)
rElec    .         Reflect  +   n - scarf {rC+}
rCorr    .         Harm     .   (no gloves)
MR       +....                  (no boots)
Stlth    ..........             r - +6 amulet of reflection
Regen    0.3/turn               C - +3 ring of slaying
MPRegen  0.2/turn               x - +3 ring of evasion

@: lethally poisoned (-6 -> -7), very slightly contaminated, invisible
A: permanent stasis, dig shafts and tunnels, four strong arms, antennae 3, cold
resistance 1, low mp 1, robust 1
a: Dig, Shaft Self, Heroism, Renounce Religion


You were on level 8 of the Dungeon.
You worshipped Okawaru.
Okawaru was greatly pleased with you.
You were hungry.

You visited 2 branches of the dungeon, and saw 9 of its levels.

You collected 375 gold pieces.
You spent 224 gold pieces at shops.

Inventory:

Hand Weapons
 h - a +0 broad axe (weapon)
Armour
 b - a +0 scale mail (worn)
 c - a +0 shield (worn)
 n - a scarf of cold resistance (worn)
Jewellery
 r - a +6 amulet of reflection (around neck)
 x - a +3 ring of evasion (right hand)
 C - a +3 ring of slaying (left hand)
 D - a +6 ring of strength
Wands
 t - a wand of clouds (0/9)
 w - a wand of random effects (12/48)
Scrolls
 e - 4 scrolls of remove curse
 g - 13 scrolls of identify
 l - 2 scrolls of fear {unknown}
 o - 3 scrolls of amnesia
 p - a scroll of fog {unknown}
 q - a scroll of immolation {unknown}
 s - 2 scrolls of blinking {unknown}
 u - a scroll of magic mapping {unknown}
 y - a scroll of random uselessness {unknown}
 B - a scroll of enchant armour
 E - a scroll of enchant weapon {unknown}
Potions
 d - 2 potions of might
 i - 3 potions of brilliance
 z - a potion of degeneration
Comestibles
 f - 4 bread rations
 j - 13 fruits
 v - 4 meat rations


   Skills:
 * Level 9.5 Fighting
 * Level 8.4 Axes
 + Level 6.9 Armour
 + Level 8.2 Shields
 + Level 6.1 Invocations


You had 9 spell levels left.
You didn't know any spells.

Dungeon Overview and Level Annotations

Branches:
Dungeon (8/15)             Temple (1/1) D:7
   Lair: D:8-11

Altars:
Ashenzari
Cheibriados
Dithmenos
Elyvilon
Fedhas
Gozag
Hepliaklqana
Kikubaaqudgha
Makhleb
Nemelex Xobeh
Okawaru
Qazlal
Ru
Sif Muna
Trog
Uskayaw
Vehumet
Wu Jian
Xom
Yredelemnul
Zin
The Shining One
Jiyva

Shops:
D:6 ?


Innate Abilities, Weirdness & Mutations

You cannot be hasted, slowed, berserked, paralysed or teleported.
You can dig through walls and to a lower floor.
Your four strong arms can wield two-handed weapons with a shield.
You have a pair of large antennae on your head. (SInv)
Your flesh is cold resistant. (rC+)
Your magical capacity is low. (-10% MP)
You are robust. (+10% HP)


Message History

You feel sick.
The hornet buzzes angrily.
The killer bee stings you but does no damage.
You block the killer bee's attack. x2
You hear an angry buzzing noise.
It was a potion of degeneration.
There was something very wrong with that liquid.
You feel weakened.
You feel dopey.
You feel clumsy.
You block the killer bee's attack. x2; The killer bee closely misses you.
* * * LOW HITPOINT WARNING * * *
You feel sick.
The hornet buzzes angrily.
Found a leather armour.
Unknown command.
The hornet buzzes angrily.
You block the killer bee's attack. You block the hornet's attack.
Unknown command.
* * * LOW HITPOINT WARNING * * *
You feel sick. The killer bee stings you!
You die...

#.# ###.# #.#.#
#.# #.###.#.# #.#
#........ #.#
#.####..# ####.##
#<# #..# #.)...#
#.# #..# #.###.##
#.# #..# #.#
#..#######.# #..#
#.###@..........
....
#.##y.#######..#
#..# #####.##yy#
..# #..#
#..y{...y.# #..#
###.######.......
#.....# ##.#....
#.#.#.# #.##...#
#.#...# #.# #[##
#.###.# .. ...


You could see a hornet and 3 killer bees.

Vanquished Creatures
  A two-headed ogre (D:8)
  The ghost of M4edhros the Cleaver, a novice MiBe of Trog (D:8)
  A hippogriff (D:8)
  Menkaure (D:6)
  A phantom (D:6)
  2 ice beasts
  2 sky beasts
  The ghost of Denreik the Skirmisher, an amateur FoCK of Xom (D:4)
  4 ogres
  4 centaurs
  The ghost of M4edhros the Grave Robber, an amateur OpNe (D:5)
  2 bullfrogs (D:7)
  A big kobold (D:6)
  A water moccasin skeleton (D:6)
  12 killer bees (D:8)
  A howler monkey (D:8)
  A bullfrog zombie (D:5)
  A centaur zombie (D:7)
  7 crimson imps
  5 jellies
  3 orc priests
  5 orc wizards
  Terence (D:3)
  9 worker ants
  A hound zombie (D:7)
  11 adders
  12 gnolls
  A howler monkey skeleton (D:4)
  A shadow imp (D:8)
  An ooze (D:4)
  3 adder skeletons
  A worm (D:2)
  5 dart slugs
  4 leopard geckos
  18 orcs
  9 bats
  4 giant cockroaches
  15 goblins
  18 hobgoblins
  3 iguanas
  9 jackals
  5 quokkas
  2 ball pythons (D:1)
  4 frilled lizards
  19 kobolds
  A quokka zombie (D:6)
  8 rats
223 creatures vanquished.

Vanquished Creatures (others)
  An orc (D:5)
1 creature vanquished.

Grand Total: 224 creatures vanquished

Notes
Turn   | Place    | Note
-------+----------+-------------------------------------------
     0 | D:1      | Deemzul the Formicid Fighter began the quest for the Orb.
     0 | D:1      | Reached XP level 1. HP: 18/18 MP: 1/1
    78 | D:1      | Reached XP level 2. HP: 20/24 MP: 2/2
   184 | D:1      | Reached XP level 3. HP: 29/30 MP: 3/3
   505 | D:1      | Reached XP level 4. HP: 32/37 MP: 4/4
   507 | D:1      | Reached skill level 4 in Fighting
   728 | D:1      | Reached XP level 5. HP: 34/42 MP: 5/5
  1372 | D:2      | Found an iron altar of Okawaru.
  1380 | D:2      | Became a worshipper of Warmaster Okawaru
  1405 | D:2      | Found a faded altar of an unknown god.
  1501 | D:2      | Found a bloodstained altar of Trog.
  1502 | D:2      | Found a blossoming altar of Fedhas.
  1507 | D:2      | Found a stormy altar of Qazlal.
  1508 | D:2      | Found a shattered altar of Ashenzari.
  1508 | D:2      | Found an opulent altar of Gozag.
  1540 | D:2      | Found a hazy altar of Hepliaklqana.
  1540 | D:2      | Found an ornate altar of the Wu Jian Council.
  1701 | D:3      | Found a snail-covered altar of Cheibriados.
  1862 | D:3      | Reached XP level 6. HP: 49/49 MP: 6/6
  1946 | D:3      | Found a shimmering altar of Xom.
  2132 | D:3      | Reached skill level 5 in Shields
  2180 | D:3      | Noticed Terence
  2200 | D:3      | Killed Terence
  2283 | D:3      | Reached skill level 1 in Invocations
  2749 | D:4      | Found a glowing golden altar of the Shining One.
  2833 | D:4      | Noticed a sky beast
  2907 | D:3      | Killed a sky beast
  2907 | D:3      | Reached skill level 5 in Fighting
  2907 | D:3      | Reached XP level 7. HP: 43/56 MP: 8/8
  2911 | D:3      | Gained mutation: Your flesh is cold resistant. (rC+) [mutagenic meat]
  2912 | D:3      | Gained mutation: You possess an exceptional clarity of mind. [mutagenic meat]
  2914 | D:3      | Gained mutation: You are partially covered in slimy green scales. (AC +2) [mutagenic meat]
  2915 | D:3      | Gained mutation: You are dopey. (Int -2) [mutagenic meat]
  2916 | D:3      | Gained mutation: Your magical capacity is low. (-10% MP) [mutagenic meat]
  3099 | D:4      | Found a deep blue altar of Sif Muna.
  3286 | D:4      | Found a shadowy altar of Dithmenos.
  3295 | D:4      | Noticed Denreik's ghost (amateur FoCK)
  3638 | D:4      | Killed Denreik's ghost
  3716 | D:5      | Entered Level 5 of the Dungeon
  3716 | D:5      | Noticed M4edhros's ghost (amateur OpNe)
  3722 | D:5      | Reached XP level 8. HP: 31/64 MP: 8/8
  4163 | D:5      | Found a snail-covered altar of Cheibriados.
  4334 | D:5      | Reached * piety under Okawaru
  4334 | D:5      | Reached skill level 6 in Fighting
  4334 | D:5      | Reached skill level 5 in Axes
  4386 | D:5      | Reached skill level 5 in Armour
  4694 | D:6      | Noticed Menkaure
  4717 | D:6      | Killed Menkaure
  4717 | D:6      | Reached ** piety under Okawaru
  4862 | D:6      | Found a deep blue altar of Sif Muna.
  4946 | D:6      | Reached skill level 7 in Fighting
  4946 | D:6      | Reached XP level 9. HP: 49/72 MP: 10/10
  5450 | D:6      | Found Beochyum's Magic Scroll Emporium.
  5469 | D:6      | Bought a scroll of remove curse for 42 gold pieces
  5469 | D:6      | Bought a scroll of enchant armour for 105 gold pieces
  5469 | D:6      | Bought a scroll of identify for 28 gold pieces
  5469 | D:6      | Bought a scroll of amnesia for 49 gold pieces
  5713 | D:5      | Killed M4edhros's ghost
  5911 | D:5      | Found a radiant altar of Vehumet.
  6178 | D:7      | Found a staircase to the Ecumenical Temple.
  6203 | Temple   | Entered the Ecumenical Temple
  6395 | D:7      | Reached skill level 8 in Fighting
  6412 | D:7      | Reached *** piety under Okawaru
  6463 | D:7      | Found an opulent altar of Gozag.
  6600 | D:7      | Reached skill level 5 in Invocations
  6638 | D:7      | Reached XP level 10. HP: 70/82 MP: 12/12
  6963 | D:8      | Noticed M4edhros's ghost (novice MiBe)
  7073 | D:8      | Killed M4edhros's ghost
  7087 | D:8      | Noticed a two-headed ogre
  7104 | D:8      | Killed a two-headed ogre
  7104 | D:8      | Reached **** piety under Okawaru
  7104 | D:8      | Reached skill level 9 in Fighting
  7487 | D:8      | HP: 2/83 [killer bee (7)]
  7495 | D:8      | HP: 3/83 [killer bee (10)]
  7497 | D:8      | Lost mutation: You are partially covered in slimy green scales. (AC +2) [potion of mutation]
  7497 | D:8      | Lost mutation: You possess an exceptional clarity of mind. [potion of mutation]
  7497 | D:8      | Lost mutation: You are dopey. (Int -2) [potion of mutation]
  7497 | D:8      | Gained mutation: You are robust. (+10% HP) [potion of mutation]
  7499 | D:8      | HP: 1/91 [poisoned by a killer bee]
  7501 | D:8      | Mangled by a killer bee

Vault maps used:
D:1:      doesnt_arrival_goblin_jail
D:2:      okawaru_altar_gauntlet_db, grunt_temple_overflow_open, first_bread,
          chequers_ecumenical_altar_simple
D:3:      lemuel_round_altar, dk_xom_monty_hall, uniq_terence
D:4:      lemuel_doored_altar, grunt_dithmenos_smoke, led_sif_pool
D:5:      kennysheep_mini, amethyst_killhole, kennysheep_slug_shrine
D:6:      kennysheep_spiral_hall, old_standard_altar, serial_shops,
          nicolae_shop_window_shopping, uniq_menkaure
D:7:      minmay_temple_entry_statues_fountains,
          nicolae_gozag_cash_rules_everything_around_me
D:8:      david_nohive_1, minmay_misc_feat_enclosed, serial_park_tiny_2
Temple:   pf_slimified_temple

Skill      XL: |  1  2  3  4  5  6  7  8  9 10 |
---------------+-------------------------------+-----
Shields        | 4 5 6 7 8 |  8.2
Fighting       | 4 5 7 8 9 |  9.5
Axes           | 3 4 5 7 8 |  8.4
Armour         | 4 5 6 |  6.9
Invocations    | 1 2 4 5 6 |  6.1

Action                   |  1- 3 |  4- 6 |  7- 9 | 10-12 || total
-------------------------+-------+-------+-------+-------++-------
Melee: War axe           |    81 |   295 |   436 |    71 ||   883
       Broad axe         |       |       |       |    39 ||    39
Invok: Heroism           |       |       |       |     4 ||     4
 Abil: Dig               |     2 |     8 |       |       ||    10
Evoke: Wand              |       |       |     1 |     4 ||     5
  Use: Potion            |       |       |     4 |     7 ||    11
       Scroll            |       |       |     1 |       ||     1
 Stab: Invisible         |       |       |       |     3 ||     3
       Paralysed         |       |       |       |     2 ||     2
  Eat: Chunk             |       |     7 |    19 |     2 ||    28
Armor: Scale mail        |    44 |   112 |   102 |    22 ||   280
Dodge: Dodged            |    24 |    89 |   100 |    61 ||   274
Block: Shield            |    40 |   207 |   358 |   150 ||   755
       Reflection        |       |       |     8 |       ||     8
